 Dungeon Crawl Stone Soup version 0.30-a0-310-g7d6cbdfea6 (webtiles) character file.

Game seed: 13882300099858381888

172 hikkokomori the Shield-Bearer (level 5, -3/45 HPs)
             Began as a Demigod Fighter on Oct 25, 2022.
             Slain by a gnoll
             ... wielding a +0 flail
              (6 damage)
             ... on level 3 of the Dungeon.
             The game lasted 00:05:35 (2257 turns).

hikkokomori the Shield-Bearer (Demigod Fighter)     Turns: 2257, Time: 00:05:36

Health: -3/45      AC: 11    Str: 19 (21) XL:     5   Next: 5%
Magic:  7/7        EV:  9    Int: 10      God:
Gold:   139        SH:  5    Dex: 13      Spells: 4/4 levels left

rFire   . . .      SeeInvis .    a - +0 flail
rCold   . . .      Faith    .    c - +0 buckler
rNeg    . . .      Spirit   .    k - +0 plate armour
rPois   .          Reflect  .    (no helmet)
rElec   .          Harm     .    (no cloak)
rCorr   .          Rampage  .    (no gloves)
Will    .....                    (no boots)
Stlth   ..........               (no amulet)
HPRegen 0.27/turn                h - +4 ring of evasion
MPRegen 0.10/turn                (no ring)

@: mighty
A: high MP 1, forlorn, divine attributes
a: no special abilities


You were on level 3 of the Dungeon.
You visited 1 branch of the dungeon, and saw 3 of its levels.

You collected 165 gold pieces.
You spent 26 gold pieces at shops.

Inventory:

Hand Weapons
 a - a +0 flail (weapon)
Missiles
 r - 2 poisoned darts (quivered)
 s - 10 atropa-tipped darts
Armour
 b - a +0 scale mail
 c - a +0 buckler (worn)
 j - a +0 troll leather armour
 k - a +0 plate armour (worn)
Magical Staves
 q - a staff of air
Jewellery
 h - a +4 ring of evasion (left hand)
Scrolls
 e - a scroll of enchant armour {unknown}
 f - a scroll of brand weapon {unknown}
 g - a scroll of vulnerability {unknown}
 i - 3 scrolls of identify {unknown}
 m - a scroll of enchant weapon {unknown}
 n - a scroll of immolation {unknown}
 t - a scroll of fear {unknown}
Potions
 l - a potion of flight {unknown}
 o - a potion of attraction


   Skills:
 + Level 3.5 Fighting
 + Level 2.9 Maces & Flails
 + Level 3.5 Armour
 + Level 3.6 Shields


You had 4 spell levels left.
You didn't know any spells.
Your spell library was empty.

Dungeon Overview and Level Annotations

Branches:
Dungeon (3/15)

Shops:
D:2 (


Innate Abilities, Weirdness & Mutations

You have an increased reservoir of magic. (+10% MP)
You shall have no god before yourself.
Your divine heritage dramatically boosts your attributes as you level up.


Message History

The gnoll attacks as you move away! The gnoll hits you with a +0 flail.
The gnoll attacks as you move away! The gnoll closely misses you.
You sock the gnoll!
The gnoll is severely wounded.
The gnoll hits you but does no damage.
The gnoll hits you from afar with a +0 spear.
You closely miss the gnoll.
The gnoll is severely wounded.
The gnoll hits you with a +0 flail. You block the gnoll's attack.
The gnoll hits you from afar with a +0 spear.
The gnoll closely misses you.
Unknown command.
Unknown command.
The gnoll attacks as you move away! The gnoll hits you with a +0 flail.
You feel very mighty all of a sudden. The gnoll misses you.
The gnoll hits you with a +0 flail. The gnoll barely misses you.
You hit the gnoll but do no damage. The gnoll hits you but does no damage.
You block the gnoll's attack. The gnoll closely misses you.
Unknown command.
You thump the gnoll!
The gnoll is almost dead.
The gnoll misses you. The gnoll barely misses you.
The gnoll hits you with a +0 spear.
Unknown command.
The gnoll hits you with a +0 flail!
* * * LOW HITPOINT WARNING * * *
The gnoll hits you from afar with a +0 spear.
* * * LOW HITPOINT WARNING * * *
You sock the gnoll!
You kill the gnoll!
The gnoll hits you but does no damage. x2; You block the gnoll's attack.
You have reached level 5!
You barely miss the gnoll.
The gnoll hits you from afar with a +0 spear.
* * * LOW HITPOINT WARNING * * *
The gnoll hits you but does no damage.
Unknown command.
You block the gnoll's attack. The gnoll hits you with a +0 flail.
You die...

# #...... .. # #.....##..# #
#.........## ### #.....#
#..#### . ..# #.....###.....#
.. ..# #.
#......##(....###...
..#####.##......##.........##
...............g##......#....
..........##....@g....)....#
..........##.####......#...#
.....(....##.# #..##....###
.............#####....##....
.#..............#####.. .###
.#..<.....##.....# #.....
.#........######......... .
##........#######...........
.^.................#


You could see 2 gnolls.

Vanquished Creatures
  3 orc wizards
  A gnoll (D:3)
  3 adders (D:2)
  A worm (D:3)
  A dart slug (D:2)
  An orc (D:2)
  4 ball pythons
  2 bats
  4 endoplasms
  A giant cockroach (D:1)
  4 goblins
  3 hobgoblins
  12 jackals
  5 kobolds
  A quokka (D:2)
  2 frilled lizards
  3 rats
51 creatures vanquished.

Vanquished Creatures (others)
  5 fungi (D:2)
  A plant (D:2)
6 creatures vanquished.

Grand Total: 57 creatures vanquished

Notes
Turn   | Place    | Note
-------+----------+-------------------------------------------
     0 | D:1      | hikkokomori the Demigod Fighter began the quest for the
                  | Orb.
     0 | D:1      | Reached XP level 1. HP: 18/18 MP: 3/3
   374 | D:1      | Reached XP level 2. HP: 25/25 MP: 4/4
  1213 | D:2      | Reached XP level 3. HP: 31/31 MP: 5/5
  1304 | D:2      | Found Befam's Weapon Shoppe.
  1326 | D:2      | Bought 4 atropa-tipped darts for 26 gold pieces
  1870 | D:2      | Reached XP level 4. HP: 27/38 MP: 6/6
  2256 | D:3      | Reached XP level 5. HP: 5/45 MP: 7/7
  2256 | D:3      | HP: 2/45 [gnoll/+0 spear (3)]
  2257 | D:3      | Slain by a gnoll

Illustrated notes

Levels and vault maps discovered:
D:1:      lightli_arrival_statue_moat, layout_loops_ring
D:2:      layout_basic, shapermc_ecumenical_altar_ellora, serial_shops,
          nicolae_shop_trees
D:3:      layout_rooms, lightli_temple_of_fire, nemelex_altar_shiori,
          grunt_decor_cap

Skill      XL: |  1  2 |
---------------+-------+-----
Maces & Flails | 2 |  2.9
Fighting       | 3 |  3.5
Shields        | 3 |  3.6
Armour         | 3 |  3.5

Action                   |  1- 3 |  4- 6 || total
-------------------------+-------+-------++-------
Melee: Flail             |   161 |    49 ||   210
Throw: Dart              |     1 |     7 ||     8
  Use: Potion            |     1 |     4 ||     5
Armor: Scale mail        |    11 |       ||    11
       Plate armour      |    96 |    42 ||   138
Dodge: Dodged            |    80 |    28 ||   108
Block: Buckler           |    36 |    13 ||    49

Table legend: (Time is in decaauts)
 A = Elapsed time spent in this place.
 B = Non-inter-level travel time spent in this place.
 C = Inter-level travel time spent in this place.
 D = Time resting spent in this place.
 E = Time spent auto-exploring this place.
 F = Levels seen in this place.
 G = Mean time per level.
                   A        B        C        D        E       F      G
               +--------+--------+--------+--------+--------+-----+--------+
         Total |   2327 |   2165 |    162 |     84 |   1537 |   3 |  775.7 |
       Dungeon |   2327 |   2165 |    162 |     84 |   1537 |   3 |  775.7 |
               +--------+--------+--------+--------+--------+-----+--------+

Top non-repeatable levels by time:
     D:2: 1167 daAuts
     D:1: 801 daAuts
     D:3: 358 daAuts
